 Dungeon Crawl Stone Soup version 0.30-a0-250-g41c1d76940 (webtiles) character file.

Game seed: 17038698929813944604

309 purpskrrrp the Shooter (level 6, -4/48 HPs)
             Began as a Formicid Hunter on Oct 12, 2022.
             Slain by a gnoll sergeant
             ... wielding a +0 spear
              (10 damage)
             ... on level 3 of the Dungeon.
             The game lasted 00:03:53 (2150 turns).

purpskrrrp the Shooter (Formicid Hunter)            Turns: 2150, Time: 00:03:54

Health: -4/48      AC:  5    Str: 15    XL:     6   Next: 69%
Magic:  6/6        EV: 13    Int:  9    God:
Gold:   161        SH:  0    Dex: 19    Spells: 5/5 levels left

rFire   + . .      SeeInvis +    a - +0 shortbow
rCold   . . .      Faith    .    (no shield)
rNeg    . . .      Spirit   .    o - +2 robe {rF+}
rPois   .          Reflect  .    (helmet unavailable)
rElec   .          Harm     .    (no cloak)
rCorr   .          Rampage  .    (no gloves)
Will    .....      Clarity  +    n - +0 pair of boots
Stlth   +++.......               (no amulet)
HPRegen 1.08/turn                (no ring)
MPRegen 0.10/turn                (no ring)

@: no status effects
A: permanent stasis, dig shafts and tunnels, antennae 3, four strong arms,
clarity, regeneration 1, wild magic 1
a: Dig, Shaft Self


You were on level 3 of the Dungeon.
You visited 1 branch of the dungeon, and saw 3 of its levels.

You collected 161 gold pieces.

Inventory:

Hand Weapons
 a - a +0 shortbow (weapon)
Armour
 c - a +0 leather armour
 n - a +0 pair of boots (worn)
 o - a +2 robe of fire resistance (worn)
Jewellery
 i - a +6 ring of intelligence
Wands
 k - a wand of flame (8)
Scrolls
 b - a scroll of immolation
 f - 4 scrolls of identify {unknown}
 g - a scroll of fear {unknown}
 h - a scroll of blinking {unknown}
 j - 2 scrolls of vulnerability {unknown}
 m - a scroll of torment {unknown}
Potions
 d - a potion of mutation
 e - a potion of lignification {unknown}
 l - 2 potions of curing {unknown}
 p - a potion of magic {unknown}


   Skills:
 + Level 3.7 Fighting
 * Level 5.6 Ranged Weapons
 + Level 3.0 Dodging
 + Level 3.7 Stealth


You had 5 spell levels left.
You didn't know any spells.
Your spell library contained the following spells:

 Spells                   Type           Power      Damage    Failure   Level
 Cigotuvi's Dreadful Rot  Necr/Pois/Air  0%         N/A       61%         2
 Poisonous Vapours        Pois/Air       0%         N/A       61%         2
 Ignite Poison            Fire/Tmut/Pois 0%         N/A       83%         3
 Mephitic Cloud           Conj/Pois/Air  0%         N/A       83%         3
 Sticky Flame             Conj/Fire      0%         2d3       99%         4
 Ignition                 Fire           0%         3d3       100%        8


Dungeon Overview and Level Annotations

Branches:
Dungeon (3/15)

Altars:
Kikubaaqudgha


Innate Abilities, Weirdness & Mutations

You cannot be hasted, slowed, berserked, paralysed or teleported.
You can dig through walls and to a lower floor.
You have a pair of large antennae on your head. (SInv)
Your four strong arms can wield two-handed weapons with a shield.
You possess an exceptional clarity of mind.
Your natural rate of healing is unusually fast.
Your spells are a little harder to cast, but a little more powerful.


Message History

Press: ? - help, Q - select action, (/) - cycle Dir - look around, f - activate Look: a gnoll sergeant, wielding a +0 spear and wearing a +0 ring mail (severely wounded)
You extend your mandibles.
Unknown command.
Unknown command.
You retract your mandibles.
You see here a +0 hand axe.
Things that are here:
a +0 halberd; a +0 spear; a +0 club Fire: a) +0 shortbow
Press: ? - help, Shift-Dir - straight line, f - gnoll, p - gnoll sergeant
Aim: a gnoll, wielding a +0 spear (lightly wounded, 68% to hit)
You shoot an arrow.
The arrow hits the gnoll sergeant but does no damage.
The gnoll sergeant is severely wounded.
The gnoll sergeant hits you from afar with a +0 spear.
Fire: a) +0 shortbow
Press: ? - help, Shift-Dir - straight line, f/p - gnoll
Aim: a gnoll, wielding a +0 spear (lightly wounded, 68% to hit)
You shoot an arrow.
The arrow barely misses the gnoll sergeant.
The arrow closely misses the gnoll.
The gnoll sergeant hits you but does no damage.
Fire: a) +0 shortbow
Press: ? - help, Shift-Dir - straight line, f/p - gnoll
Aim: a gnoll, wielding a +0 spear (lightly wounded, 68% to hit)
You shoot an arrow.
The arrow hits the gnoll sergeant but does no damage.
The gnoll sergeant is severely wounded.
The gnoll sergeant hits you from afar with a +0 spear.
* * * LOW HITPOINT WARNING * * *
The gnoll sergeant hits you from afar with a +0 spear!
* * * LOW HITPOINT WARNING * * *
Unknown command.
Okay, then.
It was a potion of mutation.
You feel extremely strange.
You feel less in control of your magic.
Your thoughts seem clearer.
You begin to heal more quickly.
The gnoll sergeant hits you from afar with a +0 spear!
You die...

##... #.... #.). ♣♣♣♣♣ #..
♣)... #.. ♣♣♣..# #..
♣♣♣....#. ###
###♣♣)..♣..#...# #.
##.@)gg.....'..). ##
########..#♣♣....♣.#...#
#........## ♣♣♣.)..#...####
#.###.#### ♣♣♣..######..
#.# #.######### ♣...)♣ #..
#.# #.........## ♣♣♣♣♣##..
#.###..........#########...
#..<'...##...........##....
#.###...##...........##....


You could see a gnoll sergeant and a gnoll.

Vanquished Creatures
  Sigmund (D:3)
  Jessica (D:3)
  4 gnolls (D:3)
  2 adders (D:3)
  4 worms
  2 dart slugs
  3 endoplasms
  3 giant cockroaches
  4 goblins
  4 hobgoblins
  4 jackals
  A quokka (D:2)
  9 ball pythons
  5 bats
  2 frilled lizards (D:2)
  6 kobolds
  2 rats
57 creatures vanquished.

Notes
Turn   | Place    | Note
-------+----------+-------------------------------------------
     0 | D:1      | purpskrrrp the Formicid Hunter began the quest for the Orb.
     0 | D:1      | Reached XP level 1. HP: 16/16 MP: 1/1
   200 | D:1      | Reached XP level 2. HP: 23/23 MP: 2/2
   812 | D:2      | Reached XP level 3. HP: 28/28 MP: 3/3
  1148 | D:2      | Found a faded altar of an unknown god.
  1551 | D:3      | Reached XP level 4. HP: 34/34 MP: 4/4
  1566 | D:3      | Noticed Sigmund
  1594 | D:3      | Killed Sigmund
  1595 | D:3      | Reached skill level 5 in Ranged Weapons
  1595 | D:3      | Reached XP level 5. HP: 10/41 MP: 5/5
  1595 | D:3      | Reached XP level 6. HP: 12/47 MP: 6/6
  1769 | D:3      | Noticed Jessica
  1771 | D:3      | Killed Jessica
  1784 | D:3      | Found an ancient bone altar of Kikubaaqudgha.
  2133 | D:3      | Found the +3 woodcutter's axe {vorpal}
  2150 | D:3      | Gained mutation: Your spells are a little harder to cast,
                  | but a little more powerful. [potion of mutation]
  2150 | D:3      | Gained mutation: You possess an exceptional clarity of
                  | mind. [potion of mutation]
  2150 | D:3      | Gained mutation: Your natural rate of healing is unusually
                  | fast. [potion of mutation]
  2150 | D:3      | Slain by a gnoll sergeant

Illustrated notes

Levels and vault maps discovered:
D:1:      dpeg_arrival_line_fractal, layout_loops_cross
D:2:      layout_basic, ebering_ecumenical_altar_ruins, st_stairs_14,
          minmay_cupped
D:3:      layout_basic, mainiacjoe_overflow_24_doors,
          pf_guarded_unrand_woodcutter, uniq_sigmund, uniq_jessica

Skill      XL: |  1  2  3  4  5  6 |
---------------+-------------------+-----
Dodging        | 2 3 |  3.0
Stealth        | 2 3 |  3.7
Fighting       | 3 |  3.7
Ranged Weapons | 5 |  5.6

Action                   |  1- 3 |  4- 6 || total
-------------------------+-------+-------++-------
Melee: Shortbow          |       |     2 ||     2
 Fire: Shortbow          |    92 |    68 ||   160
 Abil: Dig               |     1 |     1 ||     2
  Use: Potion            |       |     1 ||     1
Armor: Leather armour    |    15 |     2 ||    17
       Robe              |       |     5 ||     5
Dodge: Dodged            |    33 |    14 ||    47

Table legend: (Time is in decaauts)
 A = Elapsed time spent in this place.
 B = Non-inter-level travel time spent in this place.
 C = Inter-level travel time spent in this place.
 D = Time resting spent in this place.
 E = Time spent auto-exploring this place.
 F = Levels seen in this place.
 G = Mean time per level.
                   A        B        C        D        E       F      G
               +--------+--------+--------+--------+--------+-----+--------+
         Total |   2197 |   2095 |    102 |      0 |   1722 |   3 |  732.3 |
       Dungeon |   2197 |   2095 |    102 |      0 |   1722 |   3 |  732.3 |
               +--------+--------+--------+--------+--------+-----+--------+

Top non-repeatable levels by time:
     D:1: 790 daAuts
     D:2: 782 daAuts
     D:3: 625 daAuts
